 Dungeon Crawl Stone Soup version 0.26.1-11-gd32895ea62 (webtiles) character file.

Game seed: 2863265953322067251

10549 opiate666 the Cleaver (level 11, -6/94 HPs)
             Began as a Hill Orc Fighter on June 11, 2021.
             Was a High Priest of Okawaru.
             Killed from afar by a deep elf mage (25 damage)
             ... with a bolt of fire
             ... on level 1 of the Elven Halls.
             The game lasted 00:45:40 (9062 turns).

opiate666 the Cleaver (Hill Orc Fighter)            Turns: 9062, Time: 00:45:41

Health: -6/94      AC: 23    Str: 29    XL:     11   Next: 63%
Magic:  11/11      EV:  8    Int:  8    God:    Okawaru [*****.]
Gold:   1128       SH: 14    Dex: 17    Spells: 10/10 levels left

rFire    x . .     SeeInvis .   E - +4 war axe of Fogy {distort, +Rage Dex+4}
rCold    . . .     Faith    .   c - +0 kite shield
rNeg     . . .     Spirit   .   F - +1 chain mail "Boirgh" {rPois rF- Dex+3}
rPois    +         Reflect  .   n - +1 helmet
rElec    .         Harm     .   D - +2 cloak
rCorr    .         Rampage  .   I - +2 pair of gloves
Will     .....     Rnd*Rage +   z - +0 pair of boots
Stlth    ..........             f - amulet of magic regeneration
HPRegen  0.25/turn              j - +6 ring of strength
MPRegen  0.37/turn              (no ring)

@: berserk cooldown, slowed, very slow
A: berserk 1, blurry vision 1, sense surroundings 1, MP-powered wands
a: Renounce Religion, Evoke Berserk Rage, Heroism, Finesse


You were on level 1 of the Elven Halls.
You worshipped Okawaru.
Okawaru was extremely pleased with you.
You visited 3 branches of the dungeon, and saw 12 of its levels.

You collected 1128 gold pieces.

Inventory:

Hand Weapons
 i - a +1 vorpal hand axe
 y - a +3 war axe of electrocution
 A - a +1 vorpal hand axe
 E - the +4 war axe of Fogy (weapon) {distort, +Rage Dex+4}
   (You found it on level 8 of the Dungeon)

   It warps and distorts space around it.
   Unwielding it can cause banishment or high damage.
   It affects your dexterity (+4).
   It lets you go berserk.
 G - the +9 staff of Olgreb {rPois∞}
   (You found it on level 6 of the Dungeon)

   It grants immunity to poison.
 M - a +0 long sword of holy wrath
Armour
 c - a +0 kite shield (worn)
 l - the +2 ring mail of Rusenen {*Drain rC+ Str+6 Stlth+}
   (You found it on level 5 of the Dungeon)

   It affects your strength (+6).
   It protects you from cold.
   It causes draining when unequipped.
   It makes you more stealthy.
 n - a +1 helmet (worn)
 w - the +6 ring mail of the Gloaming {Dex+3}
   (Okawaru gifted it to you on level 2 of the Orcish Mines)

   It affects your dexterity (+3).
 z - a +0 pair of boots (worn)
 D - a +2 cloak (worn)
 F - the +1 chain mail "Boirgh" (worn) {rPois rF- Dex+3}
   (You found it on level 4 of the Dungeon)

   It affects your dexterity (+3).
   It makes you vulnerable to fire.
   It protects you from poison.
 I - a +2 pair of gloves (worn)
 N - a +0 plate armour
Jewellery
 f - an amulet of magic regeneration (around neck)
 j - a +6 ring of strength (left hand)
Wands
 o - a wand of flame (42)
 r - a wand of iceblast (6)
 s - a wand of paralysis (8)
 v - a wand of polymorph (10)
 H - a wand of random effects (13)
Scrolls
 b - 3 scrolls of identify
 d - a scroll of magic mapping
 e - 10 scrolls of teleportation
 g - a scroll of random uselessness
 h - a scroll of blinking
 m - a scroll of vulnerability {unknown}
 q - 3 scrolls of enchant weapon
 B - 4 scrolls of remove curse
 J - a scroll of enchant armour
Potions
 a - a potion of heal wounds
 k - a potion of lignification
 p - 2 potions of might
 t - 2 potions of curing
 u - 2 potions of haste
 x - 2 potions of berserk rage
 C - a potion of flight
 K - a potion of ambrosia {unknown}
 L - a potion of brilliance


   Skills:
 + Level 8.2 Fighting
 + Level 13.4 Axes
 * Level 10.1 Armour
 - Level 0.9 Dodging
 - Level 0.6 Stealth
 * Level 11.3 Shields


You had 10 spell levels left.
You didn't know any spells.
Your spell library contained the following spells:

 Spells                   Type           Power        Failure   Level
 Summon Small Mammal      Summ           0%           96%         1
 Call Imp                 Summ           0%           99%         2
 Call Canine Familiar     Summ           0%           100%        3
 Summon Guardian Golem    Hex/Summ       0%           100%        3
 Summon Ice Beast         Ice/Summ       0%           100%        4
 Summon Lightning Spire   Summ/Air       0%           100%        4


Dungeon Overview and Level Annotations

Branches:
Dungeon (9/15)             Temple (0/1) D:5             Orc (2/2) D:9
    Elf (1/3) Orc:2
   Lair: D:8-11

Altars:
Ashenzari
Kikubaaqudgha
Makhleb
Okawaru
Sif Muna
Vehumet
Xom
Zin
The Shining One
Beogh

Shops:
D:8 :

Annotations:
D:6 1 runed translucent door
Elf:1 Roxanne


Innate Abilities, Weirdness & Mutations

You tend to lose your temper in combat.
Scrolls take you a little longer to read.
You passively map a small area around you.
You expend magic power (3 MP) to strengthen your wands.


Message History

The +0 scimitar of freezing freezes you.
* * * LOW HITPOINT WARNING * * *
You closely miss the +0 scimitar of freezing.
The +0 scimitar of freezing is moderately damaged.
You miss the +2 mace of protection.
You block the +2 mace of protection's attack.
You block the +0 scimitar of freezing's attack.
The +2 mace of protection hits you!
* * * LOW HITPOINT WARNING * * *
The +0 scimitar of freezing hits you but does no damage.
You block the +2 mace of protection's attack. x2
The +0 scimitar of freezing hits you but does no damage.
You hit the deep elf mage.
Space bends around the deep elf mage.
The deep elf mage is moderately wounded.
You hit the +2 mace of protection but do no damage.
The +2 mace of protection is devoured by a tear in reality.
You hit the +0 scimitar of freezing.
The +0 scimitar of freezing blinks!
The deep elf mage gestures at you while chanting.
The bolt of fire hits you!! The fire burns you terribly!
You die...

##.## #..)........####
....####...............
##.....'...........###
* ##.####..........##
#.# #.........## * #(#
*#........(# ,...
.........#.##
,........#####'#§.#
......8..# #..§§@.#
........## #.###e.#
........' .. ,...#
.......##... .(#.# *⌠ *
* #.. .# , ...*.# *
.#.. .# #.#.# .# *


You could see a deep elf mage and a +0 scimitar of freezing.

Vanquished Creatures
  Erolcha (D:9)
  A dancing weapon (Elf:1)
  An orc high priest (Orc:2)
  3 deep elf magi (Elf:1)
  2 orc sorcerers (Orc:1)
  Psyche (D:8)
  2 trolls
  Grinder (D:3)
  A fire elemental (Elf:1)
  2 wargs (Orc:1)
  6 soldier ants (D:6)
  6 water moccasins
  An ice beast (D:5)
  6 orc warriors
  2 sky beasts
  A phantom (D:9)
  A black bear (D:8)
  9 ogres
  2 centaurs
  A big kobold (D:7)
  2 bullfrogs
  2 scorpions
  9 killer bees
  4 howler monkeys
  2 bullfrog zombies
  2 hounds
  A quasit (D:7)
  3 bullfrog skeletons
  8 orc priests
  A jelly (D:6)
  2 iguanas (D:4)
  6 worker ants
  9 orc wizards
  A hound skeleton (D:6)
  A worker ant zombie (D:9)
  8 adders
  4 white imps
  An adder zombie (D:9)
  4 worms
  2 dart slugs (D:1)
  3 leopard geckos
  35 orcs
  A ball python (D:2)
  4 giant cockroaches
  11 hobgoblins
  7 jackals
  9 kobolds
  A quokka (D:7)
  5 bats
  9 frilled lizards
  6 goblins
  6 rats
219 creatures vanquished.

Notes
Turn   | Place    | Note
-------+----------+-------------------------------------------
     0 | D:1      | opiate666 the Hill Orc Fighter began the quest for the Orb.
     0 | D:1      | Reached XP level 1. HP: 19/19 MP: 1/1
   181 | D:1      | Reached XP level 2. HP: 16/27 MP: 2/2
   361 | D:1      | Reached skill level 3 in Axes
   918 | D:2      | Reached XP level 3. HP: 31/33 MP: 3/3
  1065 | D:2      | Reached skill level 4 in Axes
  1322 | D:2      | Reached XP level 4. HP: 38/40 MP: 4/4
  1513 | D:2      | Found a glowing golden altar of the Shining One.
  1559 | D:2      | Found an ancient bone altar of Kikubaaqudgha.
  1564 | D:2      | Found a shimmering altar of Xom.
  1798 | D:3      | Found an iron altar of Okawaru.
  1799 | D:3      | Noticed Grinder
  1807 | D:3      | Paralysed by Grinder for 3 turns
  1813 | D:3      | Paralysed by Grinder for 2 turns
  1818 | D:3      | HP: 1/40 [Grinder (4)]
  1821 | D:3      | Paralysed by Grinder for 2 turns
  1828 | D:3      | Paralysed by Grinder for 4 turns
  2122 | D:3      | Killed Grinder
  2123 | D:3      | Reached skill level 5 in Axes
  2123 | D:3      | Reached XP level 5. HP: 27/47 MP: 5/5
  2123 | D:3      | Reached XP level 6. HP: 30/53 MP: 6/6
  2261 | D:3      | Reached skill level 6 in Axes
  2273 | D:3      | Became a worshipper of Warmaster Okawaru
  2834 | D:4      | Noticed a sky beast
  2846 | D:4      | Reached XP level 7. HP: 57/60 MP: 7/7
  2856 | D:4      | Reached skill level 5 in Fighting
  2856 | D:4      | Reached skill level 7 in Axes
  3080 | D:4      | Got a translucent chain mail
  3252 | D:4      | Identified the cursed +1 chain mail "Boirgh" {rPois rF-
                  | Dex+3} (You found it on level 4 of the Dungeon)
  3270 | D:5      | Entered Level 5 of the Dungeon
  3439 | D:5      | Reached skill level 5 in Armour
  3439 | D:5      | Reached skill level 5 in Shields
  3445 | D:5      | Reached * piety under Okawaru
  3446 | D:5      | Reached skill level 8 in Axes
  3463 | D:5      | Reached XP level 8. HP: 68/68 MP: 8/8
  3528 | D:5      | Got a dazzling ring mail
  3709 | D:5      | Found a staircase to the Ecumenical Temple.
  4216 | D:6      | Found a runed translucent door.
  4222 | D:6      | Found a runed translucent gate.
  4224 | D:6      | Found a runed translucent gate.
  4224 | D:6      | Found a runed translucent gate.
  4226 | D:6      | Found a runed translucent door.
  4232 | D:6      | Reached skill level 9 in Axes
  4240 | D:6      | Reached ** piety under Okawaru
  4280 | D:6      | Reached XP level 9. HP: 34/75 MP: 9/9
  4284 | D:6      | Reached *** piety under Okawaru
  4294 | D:6      | Reached skill level 10 in Axes
  4580 | D:6      | Found the +9 staff of Olgreb {rPois∞}
  5310 | D:7      | Reached **** piety under Okawaru
  5575 | D:7      | Found a broken altar of Ashenzari.
  5725 | D:7      | Found a glowing silver altar of Zin.
  5782 | D:7      | Found a shimmering blue altar of Sif Muna.
  6060 | D:7      | Reached XP level 10. HP: 75/84 MP: 10/10
  6176 | D:8      | Noticed Psyche
  6188 | D:8      | Killed Psyche
  6189 | D:8      | Reached skill level 11 in Axes
  6198 | D:8      | Got a shimmering war axe
  6440 | D:8      | Found a radiant altar of Vehumet.
  6548 | D:8      | Found Huruofit's Book Shoppe.
  6910 | D:8      | Identified the +4 war axe of Fogy {distort, +Rage Dex+4}
                  | (You found it on level 8 of the Dungeon)
  6912 | D:8      | Identified the +2 ring mail of Rusenen {*Drain rC+ Str+6
                  | Stlth+} (You found it on level 5 of the Dungeon)
  6917 | D:8      | Gained mutation: Scrolls take you a little longer to read.
                  | [potion of mutation]
  6917 | D:8      | Gained mutation: You passively map a small area around you.
                  | [potion of mutation]
  6917 | D:8      | Gained mutation: You tend to lose your temper in combat.
                  | [potion of mutation]
  6917 | D:8      | Gained mutation: You expend magic power (3 MP) to
                  | strengthen your wands. [potion of mutation]
  7003 | D:9      | Found a staircase to the Orcish Mines.
  7099 | D:9      | Noticed Erolcha
  7109 | D:9      | Killed Erolcha
  7109 | D:9      | Reached ***** piety under Okawaru
  7296 | D:9      | Reached skill level 12 in Axes
  7437 | D:9      | Reached skill level 10 in Shields
  7691 | Orc:1    | Entered Level 1 of the Orcish Mines
  7696 | Orc:1    | Noticed an orc sorcerer
  7705 | Orc:1    | Killed an orc sorcerer
  7706 | Orc:1    | Reached XP level 11. HP: 41/92 MP: 9/11
  7964 | Orc:1    | Found a roughly hewn altar of Beogh.
  7965 | Orc:1    | Noticed an orc sorcerer
  7970 | Orc:1    | Noticed a soul eater
  7981 | Orc:1    | Killed an orc sorcerer
  8272 | Orc:1    | Found a burning altar of Makhleb.
  8517 | Orc:2    | Entered Level 2 of the Orcish Mines
  8518 | Orc:2    | Found a staircase to the Elven Halls.
  8543 | Orc:2    | Noticed an orc high priest
  8559 | Orc:2    | Received a gift from Okawaru
  8560 | Orc:2    | Reached skill level 13 in Axes
  8560 | Orc:2    | Noticed a soul eater
  8568 | Orc:2    | HP: 2/94 [red devil/+0 trident[an orc high priest] (13)]
  8569 | Orc:2    | Noticed a sun demon
  8571 | Orc:2    | Killed an orc high priest
  8579 | Orc:2    | Got a smelly ring mail {god gift}
  8582 | Orc:2    | Identified the +6 ring mail of the Gloaming {Dex+3}
                  | (Okawaru gifted it to you on level 2 of the Orcish Mines)
  8931 | Elf:1    | Entered Level 1 of the Elven Halls
  8931 | Elf:1    | Noticed a deep elf mage
  8940 | Elf:1    | Killed a deep elf mage
  8951 | Elf:1    | Noticed a +3 war axe of electrocution
  8952 | Elf:1    | Noticed a deep elf mage
  8957 | Elf:1    | Killed a +3 war axe of electrocution
  8961 | Elf:1    | Killed a deep elf mage
  8962 | Elf:1    | Reached skill level 10 in Armour
  9027 | Elf:1    | Identified Roxanne's Handbook of the Mountains
  9027 | Elf:1    | Noticed Roxanne
  9030 | Elf:1    | Noticed a +0 scimitar of freezing
  9037 | Elf:1    | Noticed a deep elf mage
  9046 | Elf:1    | Killed a deep elf mage
  9058 | Elf:1    | Noticed a +2 mace of protection
  9058 | Elf:1    | Noticed a deep elf mage
  9062 | Elf:1    | Banished a +2 mace of protection
  9062 | Elf:1    | Killed from afar by a deep elf mage

Illustrated notes

Levels and vault maps discovered:
D:1:      psy_arrival_dodecagon, layout_basic
D:2:      layout_basic, tso_altar, minitemple
D:3:      layout_rooms, okawaru_ov_weapons_minmay, uniq_grinder
D:4:      layout_rooms, serial_bayou_pond_d
D:5:      layout_cave_pools, fedhas_altar_4, minmay_temple_entry_statues,
          minmay_stone_trees_large
D:6:      layout_basic, minmay_guarded_unrand_staff_of_olgreb
D:7:      layout_loops_ring, zin_statuary, cheibrodos_ashenzari_chains,
          kennysheep_flooded_box, lemuel_blue_sif_altar
D:8:      layout_cave_pods, vehumet_altar_wand_db, serial_shops,
          nicolae_shop_statue_plus, minmay_splitting_lines, uniq_psyche
D:9:      layout_basic, david_orc_3, uniq_erolcha
Orc:1:    layout_caves, basic_altar, bloody_makhleb
Orc:2:    st_orc_ogre_mass, layout_caves, basic_altar, uniq_maurice
Elf:1:    layout_gridlike, serial_shops, bzr_firewalk,
          kennysheep_underground_church, minmay_misc_feat_columns,
          lemuel_flame_loot_1, grunt_megastairs_3, uniq_kirke, uniq_roxanne

Skill      XL: |  1  2  3  4  5  6  7  8  9 10 11 |
---------------+----------------------------------+-----
Axes           | 3 4 5 6 8 9 10 12 13 | 13.4
Fighting       | 4 5 6 7 8 |  8.2
Armour         | 4 5 6 7 9 10 | 10.1
Shields        | 4 5 7 8 10 11 | 11.3
Dodging        | |  0.9
Stealth        | |  0.6

Action                   |  1- 3 |  4- 6 |  7- 9 | 10-12 || total
-------------------------+-------+-------+-------+-------++-------
Melee: War axe           |    96 |    96 |    16 |   134 ||   342
       Hand axe          |       |       |   301 |    66 ||   367
Invok: Heroism           |       |       |       |     1 ||     1
  Use: Scroll            |       |     5 |     8 |     6 ||    19
       Potion            |       |       |    10 |     3 ||    13
Armor: Scale mail        |    35 |       |       |       ||    35
       Chain mail        |    11 |    39 |    98 |    76 ||   224
       Plate armour      |       |    23 |    10 |       ||    33
Dodge: Dodged            |    39 |    26 |    56 |    51 ||   172
Block: Kite shield       |    68 |    51 |   138 |   133 ||   390
